 Dungeon Crawl Stone Soup version 0.27.0-1-g7a089689b8 (webtiles) character file.

Game seed: 92608866474045375

39 Crownlay the Chopper (level 3, -3/33 HPs)
             Began as a Hill Orc Fighter on Aug 13, 2021.
             Slain by an adder (4 damage)
             ... on level 2 of the Dungeon.
             The game lasted 00:02:02 (1368 turns).

Crownlay the Chopper (Hill Orc Fighter)             Turns: 1368, Time: 00:02:03

Health: -3/33      AC:  8    Str: 19    XL:     3   Next: 47%
Magic:  3/3        EV:  9    Int:  8    God:
Gold:   53         SH:  0    Dex: 10    Spells: 2/2 levels left

rFire    . . .     SeeInvis .   a - +0 war axe
rCold    . . .     Faith    .   (no shield)
rNeg     . . .     Spirit   .   b - +0 scale mail
rPois    .         Reflect  .   h - +0 helmet
rElec    .         Harm     .   (no cloak)
rCorr    .         Rampage  .   (no gloves)
Will     .....                  (no boots)
Stlth    ..........             (no amulet)
HPRegen  0.11/turn              (no ring)
MPRegen  0.08/turn              (no ring)

@: no status effects
A: no striking features
a: no special abilities


You were on level 2 of the Dungeon.
You visited 1 branch of the dungeon, and saw 2 of its levels.

You collected 53 gold pieces.

Inventory:

Hand Weapons
 a - a +0 war axe (weapon)
Armour
 b - a +0 scale mail (worn)
 c - a +0 kite shield
 h - a +0 helmet (worn)
Scrolls
 e - a scroll of identify {unknown}
 f - a scroll of magic mapping {unknown}
Potions
 d - a potion of might
 g - a potion of lignification {unknown}


   Skills:
 - Level 3.7 Fighting
 + Level 4.8 Axes
 - Level 3.3 Armour
 - Level 3.3 Shields


You had 2 spell levels left.
You didn't know any spells.
Your spell library was empty.

Dungeon Overview and Level Annotations

Branches:
Dungeon (2/15)

Altars:

Shops:
D:1 !

Annotations:
D:2 Natasha


Message History

The adder closely misses you. Natasha claws you.
You miss the adder. You closely miss Natasha. The adder barely misses you.
Natasha claws you. The adder barely misses you.
You closely miss the adder. You hit Natasha but do no damage.
The adder closely misses you. Natasha claws you. The adder closely misses you.
You barely miss the adder. You hit Natasha. Natasha claws you.
The adder bites you but does no damage. Natasha claws you!
You are too injured to fight recklessly!
You are too injured to fight recklessly!
You are too injured to fight recklessly!
You are too injured to fight recklessly!
The adder barely misses you.
You hit the adder.
The adder is lightly wounded.
You slash Natasha! The adder bites you but does no damage.
Natasha claws you but does no damage.
Natasha mumbles some strange words.
The adder bites you but does no damage.
You miss the adder.
The adder is lightly wounded.
Natasha casts a spell.
The adder barely misses you.
Natasha casts a spell.
You miss the adder.
The adder is lightly wounded.
The adder bites you. The adder closely misses you.
You closely miss the adder.
The adder is lightly wounded.
You barely miss Natasha. You hit the white imp.
The adder bites you but does no damage. The white imp gestures at you.
The puff of frost hits you!
* * * LOW HITPOINT WARNING * * *
Natasha claws you but does no damage. The adder bites you but does no damage.
You closely miss Natasha.
Natasha is almost dead.
You closely miss the adder. You hit the white imp.
The white imp hits you but does no damage.
Natasha barely misses you. The adder bites you.
You die...

#.# .####....
#.#####.......#.###
####.................#
#...........##.......#
#.##.##.##..##..#....##
#<##.##.##..##.5.......
##.##.........<.5..#..##
......##.##..##5Sh....#
##.##.##.##.....@....##
#..........##...#####
####.########...# ####.#
#...# #....# #...#
#.###.## #...#
##.#######...#####
#....†)..........
#................


You could see an iron imp (summoned), Natasha, an adder, a white imp (summoned)
and a shadow imp (summoned).

Vanquished Creatures
  2 dart slugs (D:1)
  A bat (D:1)
  An endoplasm (D:1)
  2 giant cockroaches (D:1)
  3 goblins
  12 jackals (D:1)
  2 quokkas
  A ball python (D:1)
  3 kobolds (D:1)
  3 rats
30 creatures vanquished.

Vanquished Creatures (others)
  2 fungi (D:1)
  A plant (D:1)
3 creatures vanquished.

Grand Total: 33 creatures vanquished

Notes
Turn   | Place    | Note
-------+----------+-------------------------------------------
     0 | D:1      | Crownlay the Hill Orc Fighter began the quest for the Orb.
     0 | D:1      | Reached XP level 1. HP: 19/19 MP: 1/1
   151 | D:1      | Reached skill level 3 in Axes
   151 | D:1      | Reached XP level 2. HP: 25/27 MP: 2/2
   171 | D:1      | Found Gafu's Distillery.
   477 | D:1      | Reached skill level 4 in Axes
   671 | D:1      | Reached XP level 3. HP: 33/33 MP: 3/3
  1176 | D:1      | Found a faded altar of an unknown god.
  1352 | D:2      | Noticed Natasha
  1367 | D:2      | HP: 1/33 [white imp/puff of frost[Natasha] (11)]
  1368 | D:2      | Slain by an adder

Illustrated notes

Levels and vault maps discovered:
D:1:      lightli_arrival_noodles, layout_loops_corners, serial_shops,
          shop_statue, shapermc_ecumenical_altar_petra, eino_curves_02
D:2:      layout_loops_cross, serial_shops, shop, kennysheep_crisscross,
          uniq_natasha, uniq_jessica

Skill      XL: |  1  2 |
---------------+-------+-----
Axes           | 3 4 |  4.8
Fighting       | |  3.7
Armour         | |  3.3
Shields        | |  3.3

Action                   || total
-------------------------++-------
Melee: War axe           ||    76
Armor: Scale mail        ||    41
Dodge: Dodged            ||    53
Block: Kite shield       ||     3
